 Dungeon Crawl Stone Soup version 0.27-a0-951-gae3e1deef5 (webtiles) character file.

Game seed: 2271260786075062739

10 Alarkh the Insei (level 2, 21/21 HPs)
             Began as a Demonspawn Transmuter on Apr 11, 2021.
             Got out of the dungeon alive.
             The game lasted 00:00:15 (304 turns).

Alarkh the Insei (Demonspawn Transmuter)             Turns: 304, Time: 00:00:16

Health: 21/21      AC:  2    Str: 10    XL:     2   Next: 10%
Magic:  5/5        EV: 12    Int: 14    God:
Gold:   35         SH:  0    Dex: 13    Spells: 4/5 levels left

rFire    . . .     SeeInvis .     - Unarmed
rCold    . . .     Faith    .   (no shield)
rNeg     . . .     Spirit   .   a - +0 robe
rPois    .         Reflect  .   (no helmet)
rElec    .         Harm     .   (no cloak)
rCorr    .         Rampage  .   (no gloves)
Will     .....                  (no boots)
Stlth    +.........             (no amulet)
HPRegen  0.07/turn              (no ring)
MPRegen  0.09/turn              (no ring)

@: no status effects
A: powered by pain 1
a: no special abilities


You escaped.
You visited 1 branch of the dungeon, and saw 1 of its levels.

You collected 35 gold pieces.

Inventory:

Missiles
 c - 14 poisoned darts
Armour
 a - a +0 robe (worn)
Scrolls
 d - a scroll of vulnerability {unknown}
Potions
 b - a potion of curing {unknown}
 e - a potion of lignification {unknown}


   Skills:
 + Level 1.2 Fighting
 - Level 1.7 Dodging
 * Level 3.0 Unarmed Combat
 + Level 2.1 Spellcasting
 + Level 1.9 Transmutations


You had 4 spell levels left.
You knew the following spells:

 Your Spells              Type           Power      Damage    Failure   Level
a - Beastly Appendage     Tmut           14%        N/A       11%         1

Your spell library contained the following spells:

 Spells                   Type           Power      Damage    Failure   Level
 Wereblood                Tmut           7%         N/A       16%         2
 Spider Form              Tmut/Pois      2%         N/A       43%         3
 Ice Form                 Ice/Tmut       4%         N/A       83%         4
 Hydra Form               Tmut           3%         N/A       96%         5


Dungeon Overview and Level Annotations

Branches:
Dungeon (1/15)

Altars:


Innate Abilities, Weirdness & Mutations

You sometimes gain a little power by taking damage.


Message History

Unknown command.
You closely miss the jackal. The jackal closely misses you.
You closely miss the jackal. Your kick misses the jackal.
You headbutt the jackal.
The jackal is almost dead.
You hit the jackal. You claw the jackal.
The jackal is almost dead.
The jackal closely misses you.
You closely miss the jackal.
The jackal is almost dead.
Your transformation is almost over.
The jackal closely misses you.
You hit the jackal.
You kill the jackal!
You hit the jackal.
You kill the jackal!
You have reached level 2!
Your demonic ancestry asserts itself...
You feel energised by your suffering. The jackal closely misses you.
The jackal bites you but does no damage.
Things that are here:
a jackal corpse; a jackal corpse You barely miss the jackal.
You claw the jackal.
You kill the jackal!
Your Unarmed Combat skill increases to level 3!
No target in view!
No target in view!
No target in view!
No target in view!
No target in view!
No target in view!
No target in view!
No target in view!
No target in view!
Unknown command.
Your horns disappear.
Your talons disappear.
There is a staircase leading out of the dungeon here.
Are you sure you want to leave the Dungeon?
This will make you lose the game!
You have escaped!

### ##@# ##..# #...#
##...### #.....∩#
##......# #########
#∩.....## #.......#
#∩.....#
#.#####.####∩.....##


There were no monsters in sight!

Vanquished Creatures
  A goblin (D:1)
  3 jackals (D:1)
  A kobold (D:1)
  A quokka (D:1)
  A ball python (D:1)
  2 frilled lizards (D:1)
9 creatures vanquished.

Notes
Turn   | Place    | Note
-------+----------+-------------------------------------------
     0 | D:1      | Alarkh the Demonspawn Transmuter began the quest for the
                  | Orb.
     0 | D:1      | Reached XP level 1. HP: 15/15 MP: 3/3
   256 | D:1      | Gained mutation: You sometimes gain a little power by
                  | taking damage. [demonic ancestry]
   256 | D:1      | Reached XP level 2. HP: 19/21 MP: 3/5
   258 | D:1      | Reached skill level 3 in Unarmed Combat
   304 | D:$      | Got out of the dungeon alive.

Illustrated notes

Levels and vault maps discovered:
D:1:      amcnicky_arrival_abandoned_market, layout_loops_cross

Skill      XL: |  1  2 |
---------------+-------+-----
Unarmed Combat | 3 |  3.0
Fighting       | |  1.2
Dodging        | |  1.7
Spellcasting   | |  2.1
Transmutations | |  1.9

Action                   || total
-------------------------++-------
Melee: Unarmed           ||    23
       Kick              ||     4
       Headbutt          ||     2
 Cast: Beastly Appendage ||     4
Armor: Robe              ||     2
Dodge: Dodged            ||    15

Table legend: (Time is in decaauts)
 A = Elapsed time spent in this place.
 B = Non-inter-level travel time spent in this place.
 C = Inter-level travel time spent in this place.
 D = Time resting spent in this place.
 E = Time spent auto-exploring this place.
 F = Levels seen in this place.
 G = Mean time per level.
                   A        B        C        D        E       F      G
               +--------+--------+--------+--------+--------+-----+--------+
         Total |    302 |    257 |     45 |      0 |    207 |   1 |  302.0 |
       Dungeon |    302 |    257 |     45 |      0 |    207 |   1 |  302.0 |
               +--------+--------+--------+--------+--------+-----+--------+

Top non-repeatable levels by time:
     D:1: 302 daAuts
